 Dungeon Crawl Stone Soup version 0.26-a0-649-gf8c6c3aab7 (webtiles) character file.

Game seed: 4693087283615675574

473 Peloso the Shield-Bearer (level 7, 59/59 HPs)
             Began as a Formicid Fighter on Sept 26, 2020.
             Got out of the dungeon alive.
             The game lasted 00:07:44 (4149 turns).

Peloso the Shield-Bearer (Formicid Fighter)         Turns: 4149, Time: 00:07:45

Health: 59/59      AC:  7    Str: 22    XL:     7   Next: 32%
Magic:  7/7        EV:  9    Int:  7    God:
Gold:   171        SH: 10    Dex: 11    Spells: 6/6 levels left

rFire    . . .     SeeInvis +   a - +0 long sword
rCold    . . .     Faith    .   c - +0 kite shield
rNeg     . . .     Spirit   .   j - +0 scale mail
rPois    .         Reflect  .   (helmet unavailable)
rElec    .         Harm     .   (no cloak)
rCorr    .         Rampage  .   (no gloves)
MR       .....                  (no boots)
Stlth    +.........             (no amulet)
HPRegen  0.19/turn              (no ring)
MPRegen  0.10/turn              (no ring)

@: no status effects
A: permanent stasis, dig shafts and tunnels, four strong arms, antennae 3,
talons 2, robust 1, sturdy frame 1
a: Dig, Shaft Self


You escaped.
You visited 1 branch of the dungeon, and saw 4 of its levels.

You collected 171 gold pieces.

Inventory:

Hand Weapons
 a - a +0 long sword (weapon)
Armour
 b - a +0 scale mail
 c - a +0 kite shield (worn)
 j - a +0 scale mail (worn)
Jewellery
 p - an uncursed ring of stealth
 r - an uncursed ring of flight {unknown}
 s - an uncursed ring of protection from fire {unknown}
Wands
 l - a wand of iceblast (2)
Scrolls
 e - a scroll of fog {unknown}
 f - a scroll of fear {unknown}
 g - 2 scrolls of amnesia {unknown}
 h - a scroll of blinking {unknown}
 i - a scroll of magic mapping {unknown}
 k - 2 scrolls of identify {unknown}
 q - 3 scrolls of teleportation
Potions
 d - a potion of might
 m - a potion of lignification {unknown}
 n - 2 potions of berserk rage {unknown}
 o - a potion of haste {unknown}


   Skills:
 + Level 4.3 Fighting
 + Level 4.8 Long Blades
 + Level 4.6 Armour
 + Level 1.6 Dodging
 + Level 1.0 Stealth
 + Level 5.2 Shields


You had 6 spell levels left.
You didn't know any spells.
Your spell library contained the following spells:

 Spells                   Type           Power        Failure   Level
 Animate Skeleton         Necr           #.....       88%         1
 Apportation              Tloc           #.....       88%         1
 Corona                   Hex            #......      88%         1
 Summon Small Mammal      Summ           #...         88%         1


Dungeon Overview and Level Annotations

Branches:
Dungeon (4/15)
 Temple: D:4-7

Altars:
Dithmenos
Fedhas
Zin

Annotations:
D:2 exclusion: oklob plant
D:4 Robin


Innate Abilities, Weirdness & Mutations

You cannot be hasted, slowed, berserked, paralysed or teleported.
You can dig through walls and to a lower floor.
Your four strong arms can wield two-handed weapons with a shield.
You have a pair of large antennae on your head. (SInv)
You have razor-sharp toenails.
You are robust. (+10% HP)
Your movements are slightly less encumbered by armour. (ER -2)


Message History

There is an open door here.
Items here: ( ))))) †.
You see here a stone.
Things that are here:
a +0 leather armour; a +0 whip
There is a stone staircase leading up here.
You climb upwards.
Level annotation: exclusion: oklob plant
There is a stone staircase leading down, spattered with blood here.
You see here a +0 dagger.
You see here a +0 club.
HP restored.
There is a stone staircase leading up here.
You climb upwards.
There is a stone staircase leading down here.
You enter the shallow water.
Moving in this stuff is going to be slow.
There is a staircase leading out of the dungeon here.
Are you sure you want to leave the Dungeon?
This will make you lose the game!
You have escaped!

♣♣♣♣♣♣ ♣
♣♣♣P♣.P♣♣♣♣♣♣
≈≈≈♣♣♣....♣..P...♣♣
≈≈≈♣
♣.♣.♣♣♣♣♣..@..♣♣ ≈♣
♣♣.♣♣ ♣......♣ ♣♣
♣.♣♣ ♣.♣..♣♣♣ ♣♣.♣♣
♣♣..♣♣ ♣♣.♣ ♣♣.♣♣
♣♣♣..♣ ♣..♣ ♣
♣♣..♣♣♣ ♣♣.♣ ♣♣
♣♣.♣♣♣ ♣.♣ .♣♣♣.♣♣
♣♣♣.♣


There were no monsters in sight!

Vanquished Creatures
  An ice beast (D:3)
  A scorpion (D:4)
  A howler monkey (D:4)
  A hound (D:4)
  An orc priest (D:3)
  An orc wizard (D:2)
  9 adders
  A white imp (D:2)
  2 adder zombies (D:2)
  2 worms (D:2)
  A dart slug (D:1)
  4 leopard geckos
  6 orcs
  A ball python (D:2)
  11 bats
  5 giant cockroaches
  14 goblins
  17 hobgoblins
  6 kobolds
  10 frilled lizards
  9 rats
104 creatures vanquished.

Vanquished Creatures (others)
  27 fungi (D:2)
  43 plants (D:2)
  16 toadstools (D:2)
86 creatures vanquished.

Grand Total: 190 creatures vanquished

Notes
Turn   | Place    | Note
-------+----------+-------------------------------------------
     0 | D:1      | Peloso the Formicid Fighter began the quest for the Orb.
     0 | D:1      | Reached XP level 1. HP: 18/18 MP: 1/1
    97 | D:1      | Reached XP level 2. HP: 24/24 MP: 2/2
   431 | D:1      | Reached skill level 4 in Shields
   435 | D:1      | Reached XP level 3. HP: 27/29 MP: 3/3
   811 | D:1      | Gained mutation: Your movements are slightly less
                  | encumbered by armour. (ER -2) [potion of mutation]
   811 | D:1      | Gained mutation: You have sharp toenails. [potion of
                  | mutation]
   811 | D:1      | Gained mutation: You have razor-sharp toenails. [potion of
                  | mutation]
   811 | D:1      | Gained mutation: You are robust. (+10% HP) [potion of
                  | mutation]
  1165 | D:2      | You fall into a shaft and drop 2 floors!
  1174 | D:4      | Reached XP level 4. HP: 40/40 MP: 4/4
  1191 | D:4      | Reached XP level 5. HP: 35/46 MP: 5/5
  1430 | D:4      | Reached skill level 1 in Stealth
  1502 | D:4      | Noticed Robin
  1646 | D:2      | Reached XP level 6. HP: 52/52 MP: 6/6
  1652 | D:2      | Reached skill level 1 in Dodging
  1741 | D:2      | Found a glowing silver altar of Zin.
  2454 | D:2      | Found a shadowy altar of Dithmenos.
  2532 | D:2      | Found a blossoming altar of Fedhas.
  2563 | D:2      | Noticed an oklob plant
  2814 | D:2      | Reached skill level 5 in Shields
  3511 | D:3      | Noticed an ice beast
  3518 | D:3      | Killed an ice beast
  3518 | D:3      | Reached XP level 7. HP: 48/59 MP: 7/7
  4149 | D:$      | Got out of the dungeon alive.

Illustrated notes

Levels and vault maps discovered:
D:1:      kilobyte_arrival_exit_the_forest, layout_basic
D:2:      minmay_skewed_foursquare, layout_basic, tgw_fedhas,
          nicolae_dithmenos_through_a_glass_darkly, lemuel_round_altar,
          minmay_bisected
D:3:      cheibrodos_greedy_goblins, layout_basic, uniq_crazy_yiuf_cottage
D:4:      layout_basic, kennysheep_mini, kennysheep_mini_moat,
          minmay_hollow_rounded_squares, uniq_robin

Skill      XL: |  1  2  3  4  5  6 |
---------------+-------------------+-----
Shields        | 4 5 |  5.2
Long Blades    | 3 4 |  4.8
Fighting       | 4 |  4.3
Stealth        | 1 |  1.0
Dodging        | 1 |  1.6
Armour         | 4 |  4.6

Action                   |  1- 3 |  4- 6 |  7- 9 || total
-------------------------+-------+-------+-------++-------
Melee: Long sword        |    90 |   153 |    33 ||   276
       Kick              |     2 |    41 |    13 ||    56
 Abil: Dig               |     1 |       |     3 ||     4
       Shaft Self        |     1 |       |       ||     1
  Use: Potion            |     2 |       |       ||     2
       Scroll            |       |     2 |       ||     2
Armor: Scale mail        |    32 |    57 |    36 ||   125
Dodge: Dodged            |    38 |    55 |    44 ||   137
Block: Kite shield       |    60 |   103 |    41 ||   204
       Rpst.: Long sword |    16 |    15 |    14 ||    45

Table legend: (Time is in decaauts)
 A = Elapsed time spent in this place.
 B = Non-inter-level travel time spent in this place.
 C = Inter-level travel time spent in this place.
 D = Time resting spent in this place.
 E = Time spent auto-exploring this place.
 F = Levels seen in this place.
 G = Mean time per level.
                   A        B        C        D        E       F      G
               +--------+--------+--------+--------+--------+-----+--------+
         Total |   4235 |   4056 |    179 |    679 |   2472 |   4 | 1058.8 |
       Dungeon |   4235 |   4056 |    179 |    679 |   2472 |   4 | 1058.8 |
               +--------+--------+--------+--------+--------+-----+--------+

Top non-repeatable levels by time:
     D:2: 1718 daAuts
     D:1: 1250 daAuts
     D:3: 919 daAuts
     D:4: 346 daAuts
